 Dungeon Crawl Stone Soup version 0.30.0-30-g96aa6591b8 (webtiles) character file.

Game seed: 5187213412598493596

196 H0rd4k the Magician (level 5, -5/28 HPs)
             Began as a Deep Elf Hedge Wizard on June 28, 2023.
             Slain by a gnoll bouda
             ... wielding a +0 club
              (9 damage)
             ... on level 5 of the Dungeon.
             The game lasted 00:05:20 (3879 turns).

H0rd4k the Magician (Deep Elf Hedge Wizard)         Turns: 3879, Time: 00:05:21

Health: -5/28      AC:  2    Str: 13    XL:     5   Next: 45%
Magic:  14/16      EV: 12    Int: 21    God:
Gold:   225        SH:  0    Dex: 14    Spells: 15/18 levels left

rFire   . . .        a - +0 dagger
rCold   . . .        (no shield)
rNeg    . . .        b - +0 robe
rPois   .            c - +0 hat
rElec   .            (no cloak)
rCorr   .            (no gloves)
SInv    .            (no boots)
Will    .....        (no amulet)
Stlth   ++           p - +6 ring of strength
HPRegen 0.24/turn    (no ring)
MPRegen 0.15/turn

%: no passive effects
@: weak-willed, on blink cooldown
A: no striking features
a: no special abilities


You were on level 5 of the Dungeon.
You visited 1 branch of the dungeon, and saw 5 of its levels.

You collected 225 gold pieces.

Inventory:

Hand Weapons
 a - a +0 dagger (weapon)
Missiles
 i - a throwing net
 k - 11 poisoned darts
Armour
 b - a +0 robe (worn)
 c - a +0 hat (worn)
Jewellery
 p - a +6 ring of strength (left hand)
Scrolls
 e - 2 scrolls of enchant weapon
 g - a scroll of immolation {unknown}
 h - 4 scrolls of identify
 m - a scroll of fog
Potions
 d - a potion of magic
 f - 2 potions of invisibility
 j - a potion of haste {unknown}
 l - 2 potions of heal wounds {unknown}
 q - a potion of degeneration {unknown}
 s - a potion of curing {unknown}


   Skills:
 + Level 1.0 Short Blades
 + Level 2.8 Dodging
 + Level 3.0 Stealth
 + Level 7.0 Spellcasting
 + Level 3.0 Conjurations
 + Level 1.1 Summonings
 + Level 1.1 Translocations


You had 15 spell levels left.
You knew the following spells:

 Your Spells              Type           Power      Damage    Failure   Level
a - Magic Dart            Conj           80%        1d7       2%          1
b - Blink                 Tloc           24%        N/A       9%          2

Your spell library contained the following spells:

 Spells                   Type           Power      Damage    Failure   Level
 Slow                     Hex            28%        N/A       9%          1
 Sting                    Tmut/Pois      28%        1d4       9%          1
 Call Imp                 Summ           24%        N/A       9%          2
 Cigotuvi's Dreadful Rot  Necr/Pois/Air  14%        N/A       13%         2
 Poisonous Vapours        Pois/Air       14%        N/A       13%         2
 Sublimation of Blood     Necr           7%         N/A       13%         2
 Wereblood                Tmut           7%         N/A       13%         2
 Mephitic Cloud           Conj/Pois/Air  11%        N/A       17%         3
 Olgreb's Toxic Radiance  Pois           7%         N/A       65%         4
 Summon Hydra             Summ           6%         N/A       100%        7


Dungeon Overview and Level Annotations

Branches:
Dungeon (5/15)
 Temple: D:4-7

Altars:
Nemelex Xobeh
Uskayaw

Annotations:
D:5 exclusions: black bear, upstairs and water moccasin


Message History

As you read the scroll labelled MYPYUC XYXKE, it crumbles to dust.
The scroll dissolves into smoke.
It was a scroll of fog.
The water moccasin misses you.
As you read the scroll labelled TULOYT TY HAE, it crumbles to dust.
Magic quickly surges around you.
It was a scroll of vulnerability.
The water moccasin closely misses you. The water moccasin bites you!
As you read the scroll labelled MUDITI GARAT, it crumbles to dust.
You hear the flapping of tiny wings.
It was a scroll of butterflies.
Something misses your butterfly.
You swap places.
As you read the scroll labelled UXOWOB KOAT, it crumbles to dust.
You hear a loud clanging noise!
It was a scroll of noise.
As you read the scroll labelled NOSIPT EVISTY, it crumbles to dust.
You feel strangely unstable.
It was a scroll of teleportation.
Something misses your butterfly.
You swap places.
You see here a +0 chain mail.
Your surroundings suddenly seem different.
An ogre comes into view. It is wielding a +0 giant spiked club.
The ogre shouts!
You open the door.
There is an open door here.
Found a scroll labelled ESKEUDWUTT.
g - a scroll labelled ESKEUDWUTT A gnoll and a scorpion come into view.
A gnoll bouda comes into view. It is wielding a +0 club.
Found a scroll labelled ESKEUDWUTT.
The gnoll bouda shouts!
You hear a shout!
Cast which spell? (? or * to list)
You blink. 3 gnolls come into view.
The gnoll shouts! x2
The gnoll hits you with a +3 whip!
An iguana comes into view.
The gnoll bouda hits you with a +0 club!
* * * LOW HITPOINT WARNING * * *
The gnoll bouda attacks as you move away!
The gnoll bouda hits you with a +0 club!
You die...

##+# #.##..#
##...## ......
##.....## ##..#.#
##.......##
.....###.........#
l..g.. +.........+
##gg.# #.........#
##g.g## #.......##
#..@?.# ##.....##
#.....# ##...##
#.....# ##'##
#.s..## #.# #.####
#.# #ยง# ##O## #.#
##...## #.#
#.....# #.######
##...##


You could see a gnoll bouda, a scorpion, an iguana (wandering) and 4 gnolls.

Vanquished Creatures
  A hound (D:4)
  An orc wizard (D:4)
  A gnoll (D:5)
  6 adders
  6 dart slugs
  3 orcs (D:4)
  2 ball pythons (D:1)
  9 endoplasms
  4 giant cockroaches
  6 goblins
  3 hobgoblins
  4 quokkas
  5 bats
  5 frilled lizards
  5 kobolds
  4 rats
65 creatures vanquished.

Notes
Turn   | Place    | Note
-------+----------+-------------------------------------------
     0 | D:1      | H0rd4k the Deep Elf Hedge Wizard began the quest for the
                  | Orb.
     0 | D:1      | Reached XP level 1. HP: 10/10 MP: 7/7
   253 | D:1      | Reached skill level 5 in Spellcasting
   313 | D:1      | Reached XP level 2. HP: 15/15 MP: 2/10
   823 | D:1      | Reached XP level 3. HP: 17/19 MP: 6/11
  1342 | D:2      | Reached skill level 1 in Short Blades
  1430 | D:2      | Found a hide-covered altar of Uskayaw.
  1498 | D:2      | Reached XP level 4. HP: 24/24 MP: 8/13
  2126 | D:3      | Learned a level 2 spell: Blink
  2240 | D:3      | Reached skill level 6 in Spellcasting
  2982 | D:4      | Reached XP level 5. HP: 28/28 MP: 9/15
  3222 | D:4      | Found a sparkling altar of Nemelex Xobeh.
  3582 | D:5      | Entered Level 5 of the Dungeon
  3669 | D:5      | Noticed a black bear
  3769 | D:5      | Reached skill level 7 in Spellcasting
  3825 | D:5      | Noticed a water moccasin
  3848 | D:5      | Noticed an ogre
  3879 | D:5      | Slain by a gnoll bouda

Illustrated notes

Levels and vault maps discovered:
D:1:      sevenhm_arrival_forest_fort_small_3, layout_rooms,
          chequers_serial_rivers_micro_c
D:2:      minmay_angry_zag, layout_basic, basic_altar, minmay_puff
D:3:      wander_river, layout_basic, kennysheep_generic_room_2
D:4:      layout_loops_corners, nemelex_dance_club_becter
D:5:      layout_loops_corners, lemuel_coloured_pillars_altar,
          minmay_temple_entry_statues_pillars

Skill      XL: |  1  2  3  4  5 |
---------------+----------------+-----
Spellcasting   | 5 6 7 |  7.0
Conjurations   | 2 3 |  3.0
Short Blades   | 1 |  1.0
Stealth        | 3 |  3.0
Dodging        | |  2.8
Summonings     | |  1.1
Translocations | |  1.1

Action                     |  1- 3 |  4- 6 || total
---------------------------+-------+-------++-------
  Melee: Dagger            |     4 |     1 ||     5
   Cast: Magic Dart        |    97 |   115 ||   212
         Blink             |       |     4 ||     4
    Use: Potion            |     1 |     1 ||     2
         Scroll            |       |     6 ||     6
 Armour: Robe              |       |     2 ||     2
  Dodge: Dodged            |    10 |    32 ||    42
